 Dungeon Sprint DCSS version 0.30-a0-613-gdd512c7efb (webtiles) character file.

Game seed: 17434395315345256895

201358 mhtbhm the Heavyweight Champion (level 16, -3/204 HPs)
             Began as a Troll Transmuter on Jan 8, 2023.
             Was an Initiate of Gozag.
             Slain by an Orb Guardian (5 damage)
             ... in the Dungeon (Sprint III: "The Ten Rune Challenge").
             The game lasted 00:36:00 (9900 turns).

mhtbhm the Heavyweight Champion (Troll Transmuter)  Turns: 9900, Time: 00:36:01

Health: -3/204     AC: 30    Str: 26      XL:     16   Next: 68%
Magic:  44/44      EV: 15    Int:  9      God:    Gozag
Gold:   24360      SH:  5    Dex: 11 (12) Spells: 27/48 levels left

rFire   + + .      SeeInvis .      - Unarmed
rCold   + . .      Faith    .    (no shield)
rNeg    + + +      Spirit   .    (body armour currently unavailable)
rPois   ∞          Reflect  +    s - +2 hat
rElec   +          Harm     .    q - +1 cloak {rCorr}
rCorr   +          Rampage  .    (gloves unavailable)
Will    ++...      NoTele   +    (boots unavailable)
Stlth   +++++                    t - amulet of reflection
HPRegen 1.34/turn                E - ring of Qozoreh {rElec rPois rF++ rCorr Str-2}
MPRegen 0.29/turn                g - ring of the Traitor {Fly rN++ Will+ MP+9}

@: statue-form, gold aura, flying, very slow
A: slow and powerful, torment resistance 1, boosted hp, large, unfitting armour,
claws 3, regeneration 1, (shaggy fur 1), (tough skin 1), (iridescent scales 1),
thin skeletal structure 1, cold resistance 1, deterioration 1
}: 4/10 runes: decaying, serpentine, silver, demonic
a: End Transformation, Renounce Religion, Potion Petition, Call Merchant, Bribe
Branch


You were in the Dungeon.
You worshipped Gozag.
Gozag was extremely pleased with you.
You were a living statue of rough stone.
You visited 1 branch You collected 31131 gold pieces.
You spent 4549 gold pieces at shops.
You paid 2222 gold pieces to Gozag.

Inventory:

Missiles
 I - 5 curare-tipped darts (quivered)
Armour
 a - the +3 troll leather armour "Zetter" {Harm Will+ Regen+ Int-4}
   (You bought it in a shop in the Dungeon)

   Int:       It affects your intelligence (-4).
   Regen:     It increases your rate of health regeneration.
   Harm:      It increases damage dealt and taken.
   Will:      It increases your willpower.
 e - a +2 robe of the Archmagi (melded)
 q - a +1 cloak of preservation (worn)
 s - a +2 hat (worn)
Jewellery
 g - the ring of the Traitor (right claw) {Fly rN++ Will+ MP+9}
   (You found it in the Dungeon)

   [ring of willpower]

   rN:        It greatly protects you from negative energy.
   MP:        It affects your magic capacity (+9).
   Fly:       It grants you flight.
   Will:      It increases your willpower.
 t - an amulet of reflection (around neck)
 E - the ring of Qozoreh (left claw) {rElec rPois rF++ rCorr Str-2}
   (You found it in the Dungeon)

   [ring of poison resistance]

   Str:       It affects your strength (-2).
   rF:        It greatly protects you from fire.
   rElec:     It insulates you from electricity.
   rPois:     It protects you from poison.
   rCorr:     It protects you from acid and corrosion.
 H - a ring of see invisible
Wands
 u - a wand of digging (5)
 v - a wand of polymorph (10)
 C - a wand of mindburst (37)
 F - a wand of roots (12)
 J - a wand of light (6)
 N - a wand of paralysis (4)
Scrolls
 i - a scroll of silence {unknown}
 k - 2 scrolls of poison
 l - 2 scrolls of enchant armour
 m - a scroll of immolation {unknown}
 r - 11 scrolls of identify
 w - 3 scrolls of fog
 x - 3 scrolls of acquirement
 y - a scroll of enchant weapon {unknown}
 D - 7 scrolls of amnesia {unknown}
Potions
 b - 3 potions of lignification
 c - 11 potions of curing
 d - a potion of heal wounds
 f - 4 potions of magic
 j - 4 potions of mutation
 n - 2 potions of flight
 p - 7 potions of might
 z - 2 potions of attraction {unknown}
 A - 2 potions of cancellation {unknown}
 K - 2 potions of haste
 L - a potion of brilliance {unknown}
Miscellaneous
 o - a tin of tremorstones (2/2)
 B - a phantom mirror
 G - a condenser vane (inert)
 M - the horn of Geryon


   Skills:
 + Level 9.7 Fighting
 + Level 2.7 Throwing
 + Level 16.3 Dodging
 + Level 8.3 Stealth
 + Level 8.8 Shields
 O Level 27 Unarmed Combat
 + Level 16.7 Spellcasting
 + Level 18.8 Transmutations
 + Level 4.7 Ice Magic
 + Level 10.9 Earth Magic
 + Level 2.0 Poison Magic
 + Level 8.2 Evocations


You had 27 spell levels left.
You knew the following spells:

 Your Spells              Type           Power      Damage    Failure   Level
a - Beastly Appendage     Tmut           82%        N/A       0%          1
b - Wereblood             Tmut           41%        N/A       0%          2
c - Spider Form           Tmut/Pois      26%        N/A       1%          3
d - Ice Form              Ice/Tmut       28%        N/A       1%          4
e - Blade Hands           Tmut           20%        N/A       1%          5
f - Statue Form           Tmut/Erth      22%        N/A       2%          6

Your spell library contained the following spells:

 Spells                   Type           Power      Damage    Failure   Level
 Freeze                   Ice            64%        1d7       1%          1
 Sting                    Tmut/Pois      100%       1d8       1%          1
 Petrify                  Tmut/Erth      34%        N/A       1%          4
 Stone Arrow              Conj/Erth      34%        3d9       2%          3
 Frozen Ramparts          Ice            32%        1d5       3%          3
 Ensorcelled Hibernation  Hex/Ice        22%        N/A       4%          2
 Yara's Violent Unravell  Hex/Tmut       12%        3d7       4%          5
 Apportation              Tloc           14%        N/A       8%          1
 Necrotise                Necr           28%        1d5       8%          1
 Summon Small Mammal      Summ           28%        N/A       8%          1
 Animate Armour           Summ/Erth      34%        N/A       8%          4
 Leda's Liquefaction      Hex/Erth       8%         N/A       8%          4
 Static Discharge         Conj/Air       14%        2-3/arc   11%         2
 Eringya's Noxious Bog    Tmut/Pois      13%        N/A       16%         6
 Mephitic Cloud           Conj/Pois/Air  8%         N/A       17%         3
 Call Canine Familiar     Summ           7%         N/A       22%         3
 Dazzling Flash           Conj/Hex       14%        N/A       22%         3
 Inner Flame              Hex/Fire       7%         N/A       22%         3
 Summon Guardian Golem    Hex/Summ       7%         N/A       22%         3
 Swiftness                Air            7%         N/A       22%         3
 Summon Ice Beast         Ice/Summ       11%        N/A       28%         4
 Anguish                  Hex/Necr       3%         N/A       58%         4
 Cause Fear               Hex            3%         N/A       58%         4
 Metabolic Englaciation   Hex/Ice        5%         N/A       61%         5
 Freezing Cloud           Conj/Ice/Air   5%         6-21      71%         5
 Iron Shot                Conj/Erth      8%         9d3       75%         6
 Fireball                 Conj/Fire      3%         3d4       90%         5
 Lightning Bolt           Conj/Air       3%         1d15      90%         5
 Summon Mana Viper        Hex/Summ       7%         N/A       90%         5
 Conjure Ball Lightning   Conj/Air       3%         3x3d6     100%        6
 Starburst                Conj/Fire      3%         6d3       100%        6
 Discord                  Hex            3%         N/A       100%        8
 Lehudib's Crystal Spear  Conj/Erth      8%         10d4      100%        8
 Chain Lightning          Conj/Air       3%         3d4       100%        9
 Polar Vortex             Ice            8%         N/A       100%        9
 Simulacrum               Ice/Necr       Unusable   N/A       N/A         6

Dungeon Overview and Level Annotations

Branches:
Dungeon (1/1)

Altars:
Cheibriados
Dithmenos
Elyvilon
Fedhas
Gozag
Hepliaklqana
Kikubaaqudgha
Makhleb
Nemelex Xobeh
Okawaru
Qazlal
Ru
Sif Muna
Trog
Uskayaw
Vehumet
Wu Jian
Xom
Yredelemnul
Zin
The Shining One
Jiyva
Lugonu

Shops:
D =[!!?(!:[![[!:[([=(*?!:!:(


Innate Abilities, Weirdness & Mutations

You are a living statue of rough stone.
Your actions are slow, but your melee attacks are powerful.
You are resistant to unholy torment.
Your maximum health is greatly increased.
You are immune to poison.
Your equipment is partially melded.
You are too large for most types of armour.
You have claws for hands.
Your natural rate of healing is unusually fast.
((You are covered in fur. (AC +1)))
((You have tough skin. (AC +1)))
((You are partially covered in iridescent scales. (AC +2)))
You have a somewhat thin skeletal structure. (Dex +2, Stealth+)
Your flesh is cold resistant. (rC+)
Your body sometimes deteriorates upon taking damage.


Message History

You claw the Orb Guardian, but do no damage.
The Orb Guardian is severely wounded.
The Orb Guardian hits you!!
Your body deteriorates!
You feel clumsy. The Orb Guardian hits you!!
* * * LOW HITPOINT WARNING * * *
The fire giant is engulfed in poison gas.
The fire giant looks as sick as possible!
The frost giant is engulfed in poison gas.
The frost giant looks as sick as possible!
Blink to where?
Press: ? - help, Dir - move target
As you read the scroll of blinking, it crumbles to dust.
You feel much better. The Orb Guardian hits you!
The Orb Guardian hits you but does no damage.
The Orb Guardian hits you!!
* * * LOW HITPOINT WARNING * * *
Your body deteriorates!
You feel dopey.
The moth of wrath goads the Orb Guardian on!
The Orb Guardian goes berserk!
You eviscerate the Orb Guardian!!!!
You kill the Orb Guardian!
The Orb Guardian hits you!
* * * LOW HITPOINT WARNING * * *
You feel your intelligence returning.
You feel much better. You block the Orb Guardian's attack.
The Orb Guardian hits you!
* * * LOW HITPOINT WARNING * * *
The Orb Guardian hits you but does no damage.
You scratch the Orb Guardian but do no damage.
The Orb Guardian is moderately wounded.
The Orb Guardian hits you!!
* * * LOW HITPOINT WARNING * * *
The Orb Guardian hits you.
* * * LOW HITPOINT WARNING * * *
You feel much better. The Orb Guardian hits you!!
* * * LOW HITPOINT WARNING * * *
The Orb Guardian hits you.
You die...
Your body crumbles into a pile of gold.

#+####.##.##...▓..#..#,,,,,,,,*,,
.≈≈≈+#^*#.####.▓..#^.#,,,,,,,,*,,
.≈≈.#^^*#......▓..#^.#,,,,,,,,*,,
.≈≈.#######'###▓..#.^#+********,^
..≈.#..'~⌠...≈.▓..#..#,,,,,,^,,,,
..~~'..#~~.≈.≈.▓.^'..#,,,,,,,,,,^
≈≈≈.#..#.≈.≈)≈.▓######***********
.).)#..#...≈.[.▓▓▓▓▓▓▓▓**********
###+#######'###▓8XC.^^▓,,+,,,*,,,
.#.#.#.#.#.#.#,▓.▓y.^.▓,**,,,*,^,
#.#.#.#.#.#.#.#▓.▓.C..▓,,*~~~*,,,
.#.#.#.#.#.#.#.▓.▓▓▓'▓▓*,*~~~*,*,
###▓▓▓▓▓▓▓▓▓▓▓▓▓)▓.C..▓,,*,,,*,*,
...▓....'^.PP▓.'.▓..y.▓,**,,,*,*,
...▓....▓)PPP▓.▓▓▓....▓,,*****,*,
)..)....▓P.PP▓.▓,+....▓*,*,,,*,*,
(..▓....▓PP.P▓.▓,▓▓▓▓▓▓,,*,,,*,*+


You could see a frost giant (very poisoned), a fire giant (very poisoned), an
Orb Guardian (berserk, very poisoned) and a moth of wrath (very poisoned).

Vanquished Creatures
  Mara (D)
  Sojobo (D)
  Boris (D)
  A Killer Klown (D)
  the Lernaean hydra (D)
  Geryon (D)
  A golden dragon (D)
  Nikola (D)
  Nellie (D)
  A lich (D)
  Rupert (D)
  An Orb Guardian (D)
  A deep elf blademaster (D)
  A deep elf master archer (D)
  A titan (D)
  An ancient champion (D)
  An Executioner (D)
  Gastronok (D)
  2 sphinxes (D)
  Harold (D)
  Chuck (D)
  3 shadow dragons (D)
  Roxanne (D)
  A storm dragon (D)
  A nagaraja (D)
  2 draconian knights (D)
  4 azure jellies (D)
  A fire giant (D)
  2 frost giants (D)
  Nessos (D)
  2 vampire knights (D)
  4 stone giants (D)
  Azrael (D)
  A deep elf demonologist (D)
  A yellow draconian (D)
  2 dire elephants (D)
  A deep elf annihilator (D)
  4 mummy priests (D)
  A fire dragon (D)
  4 yaktaur captains (D)
  2 deep elf high priests (D)
  19 vault guards (D)
  3 hydras (D)
  Erica (D)
  An ogre mage (D)
  5 anacondas (D)
  2 hell beasts (D)
  3 centaur warriors (D)
  4 dancing weapons (D)
  4 death yaks (D)
  A naga warrior (D)
  2 titan zombies (D)
  Urug (D)
  2 soul eaters (D)
  3 deep elf knights (D)
  2 sun demons (D)
  9 skeletal warriors (D)
  A death drake (D)
  A shadow wraith (D)
  A spriggan druid (D)
  An anaconda zombie (D)
  A glowing orange brain (D)
  An obsidian statue (D)
  An orange crystal statue (D)
  5 swamp dragons (D)
  A steelbarb worm (shapeshifter) (D)
  A lindwurm (D)
  Joseph (D)
  4 deep elf pyromancers (D)
  2 oklob plants (D)
  6 ugly things (D)
  4 crystal guardians (D)
  3 orc sorcerers (D)
  A shining eye (D)
  A guardian serpent (D)
  An iron troll simulacrum (D)
  A molten gargoyle (D)
  A stone giant skeleton (D)
  4 black mambas (D)
  2 elephants (D)
  4 statues (D)
  An unseen horror (D)
  A rime drake (D)
  2 cane toads (D)
  13 yaktaurs (D)
  A komodo dragon (D)
  2 anaconda simulacra (D)
  2 ice devils (D)
  5 guardian mummies (D)
  2 tyrant leeches (D)
  4 spriggan defenders (D)
  A queen bee (D)
  3 wandering mushrooms (D)
  8 blink frogs (D)
  3 hornets (D)
  2 spriggans (D)
  11 slime creatures (D)
  A shadow (D)
  A golden eye (D)
  3 redbacks (D)
  A spatial vortex (D)
  2 nagas (D)
  7 water moccasins (D)
  A hydra simulacrum (D)
  2 floating eyes (D)
  3 swamp drakes (D)
  2 black mamba simulacra (D)
  2 centaurs (D)
  An earth elemental (D)
  A necrophage (D)
  A water elemental (D)
  32 killer bees (D)
  An electric eel (D)
  6 orc priests (D)
  A jelly (D)
  Crazy Yiuf (D)
  Jessica (D)
  A necromancer (D)
  An orc wizard (D)
  A wizard (D)
  A wolf simulacrum (D)
  A kobold demonologist (D)
  3 humans (D)
  5 adders (D)
  12 orcs (D)
  An endoplasm (D)
  2 rats (D)
  A ball lightning (D)
  2 bushes (D)
  8 butterflies (D)
  5 plants (D)
347 creatures vanquished.

Vanquished Creatures (others)
  A deep elf demonologist (D)
  A golden dragon zombie (D)
  4 electric eels (D)
  3 ball lightnings (D)
  5 ballistomycete spores (D)
  22 plants (D)
36 creatures vanquished.

Grand Total: 383 creatures vanquished

Notes
Turn   | Place    | Note
-------+----------+-------------------------------------------
     0 | D        | mhtbhm the Troll Transmuter began the quest for the Orb.
     0 | D        | Reached XP level 1. HP: 18/18 MP: 1/1
    53 | D        | Noticed Jessica
    58 | D        | Killed Jessica
    59 | D        | Reached skill level 1 in Fighting
    59 | D        | Reached skill level 5 in Unarmed Combat
    59 | D        | Reached XP level 2. HP: 27/27 MP: 0/4
    59 | D        | Reached XP level 3. HP: 33/33 MP: 0/5
   114 | D        | Learned a level 2 spell: Wereblood
   118 | D        | Learned a level 3 spell: Spider Form
   158 | D        | Noticed Crazy Yiuf
   164 | D        | Killed Crazy Yiuf
   165 | D        | Reached skill level 6 in Unarmed Combat
   170 | D        | Reached XP level 4. HP: 31/41 MP: 1/6
   216 | D        | Noticed a water elemental
   225 | D        | Killed a water elemental
   226 | D        | Reached skill level 7 in Unarmed Combat
   284 | D        | Noticed a shadow
   290 | D        | Killed a shadow
   291 | D        | Reached skill level 9 in Unarmed Combat
   291 | D        | Reached XP level 5. HP: 30/48 MP: 4/9
   291 | D        | Reached XP level 6. HP: 34/55 MP: 4/10
   349 | D        | Learned a level 4 spell: Ice Form
   351 | D        | Found a blossoming altar of Fedhas.
   351 | D        | Found a stormy altar of Qazlal.
   351 | D        | Found a snail-covered altar of Cheibriados.
   351 | D        | Found a burning altar of Makhleb.
   351 | D        | Found a shimmering altar of Xom.
   352 | D        | Found a hazy altar of Hepliaklqana.
   352 | D        | Found an opulent altar of Gozag.
   352 | D        | Found a sparkling altar of Nemelex Xobeh.
   352 | D        | Found a corrupted altar of Lugonu.
   352 | D        | Found a viscous altar of Jiyva.
   352 | D        | Noticed a spatial vortex
   372 | D        | Killed a spatial vortex
   373 | D        | Reached skill level 10 in Unarmed Combat
   377 | D        | Became a worshipper of Gozag Ym Sagoz the Greedy
   395 | D        | Found a basalt altar of Yredelemnul.
   395 | D        | Found a shadowy altar of Dithmenos.
   395 | D        | Found a sacrificial altar of Ru.
   404 | D        | Reached skill level 11 in Unarmed Combat
   404 | D        | Reached XP level 7. HP: 63/63 MP: 9/12
   407 | D        | Found a hide-covered altar of Uskayaw.
   407 | D        | Found an iron altar of Okawaru.
   408 | D        | Found a bloodstained altar of Trog.
   408 | D        | Found an ornate altar of the Wu Jian Council.
   408 | D        | Noticed a human
   408 | D        | Noticed a human
   414 | D        | Killed a human
   415 | D        | Reached skill level 5 in Transmutations
   417 | D        | Killed a human
   418 | D        | Reached skill level 12 in Unarmed Combat
   418 | D        | Reached skill level 5 in Spellcasting
   517 | D        | Found a radiant altar of Vehumet.
   517 | D        | Found a shimmering blue altar of Sif Muna.
   517 | D        | Found an ancient bone altar of Kikubaaqudgha.
   703 | D        | Found a glowing silver altar of Zin.
   704 | D        | Found a glowing golden altar of the Shining One.
   704 | D        | Found a white marble altar of Elyvilon.
   704 | D        | Noticed a deep elf pyromancer
   705 | D        | Noticed a fire elemental
   713 | D        | Killed a deep elf pyromancer
   714 | D        | Reached skill level 1 in Stealth
   714 | D        | Reached skill level 13 in Unarmed Combat
   714 | D        | Reached skill level 1 in Poison Magic
   714 | D        | Reached XP level 8. HP: 20/74 MP: 11/15
   798 | D        | Noticed Erica
   804 | D        | Killed Erica
   924 | D        | Found Voirub's Distillery.
   927 | D        | Noticed an orc sorcerer
   927 | D        | Noticed an orc sorcerer
   927 | D        | Noticed an orc sorcerer
   929 | D        | Reached XP level 9. HP: 80/80 MP: 17/17
   934 | D        | Killed an orc sorcerer
   935 | D        | Reached skill level 5 in Dodging
   935 | D        | Reached skill level 14 in Unarmed Combat
   936 | D        | Paralysed by an orc sorcerer for 5 turns
   944 | D        | Killed an orc sorcerer
   945 | D        | Reached skill level 1 in Ice Magic
   947 | D        | Killed an orc sorcerer
  1102 | D        | Bought a potion of might for 52 gold pieces
  1102 | D        | Bought a potion of heal wounds for 65 gold pieces
  1102 | D        | Bought a potion of haste for 130 gold pieces
  1129 | D        | Noticed a centaur warrior
  1134 | D        | Reached skill level 15 in Unarmed Combat
  1138 | D        | Killed a centaur warrior
  1139 | D        | Reached XP level 10. HP: 92/92 MP: 10/19
  1162 | D        | Reached skill level 1 in Evocations
  1234 | D        | Noticed a cane toad
  1234 | D        | Noticed a cane toad
  1238 | D        | Killed a cane toad
  1243 | D        | Killed a cane toad
  1244 | D        | Reached skill level 16 in Unarmed Combat
  1456 | D        | Reached skill level 17 in Unarmed Combat
  1458 | D        | Reached XP level 11. HP: 99/101 MP: 21/21
  1570 | D        | Noticed a lindwurm
  1574 | D        | Killed a lindwurm
  1615 | D        | Noticed Urug
  1618 | D        | Killed Urug
  1619 | D        | Reached skill level 18 in Unarmed Combat
  1676 | D        | Noticed Harold
  1676 | D        | Noticed Joseph
  1684 | D        | Killed Harold
  1685 | D        | Reached skill level 5 in Fighting
  1690 | D        | Killed Joseph
  1807 | D        | Noticed an orange crystal statue
  1818 | D        | Killed an orange crystal statue
  1819 | D        | Reached skill level 10 in Transmutations
  1831 | D        | Found Liunav's Magic Scroll Emporium.
  1831 | D        | Found Juuwk's Book Shop.
  1831 | D        | Found Karghiar's Weapon Boutique.
  1831 | D        | Found Joar's Antique Weapon Shoppe.
  1831 | D        | Found Ucej's General Store.
  1831 | D        | Found Errohet's Distillery.
  1831 | D        | Found Puuz's Jewellery Shoppe.
  1831 | D        | Found Zedady's Book Shop.
  1831 | D        | Found Ureug's Antique Armour Shop.
  1831 | D        | Found Rucos's Weapon Emporium.
  1831 | D        | Found Ugim's Distillery.
  1870 | D        | Bought a book of Iron for 504 gold pieces
  1876 | D        | Learned a level 5 spell: Blade Hands
  1880 | D        | Bought an embroidered hat for 133 gold pieces
  1886 | D        | Bought an amulet of reflection for 300 gold pieces
  1891 | D        | Bought a ring of flight for 175 gold pieces
  1894 | D        | Bought a potion of heal wounds for 70 gold pieces
  1894 | D        | Bought a potion of heal wounds for 70 gold pieces
  1894 | D        | Bought a potion of berserk rage for 70 gold pieces
  1899 | D        | Bought a potion of heal wounds for 50 gold pieces
  1899 | D        | Bought a potion of invisibility for 80 gold pieces
  1899 | D        | Bought a potion of might for 40 gold pieces
  1905 | D        | Bought a potion of heal wounds for 70 gold pieces
  1906 | D        | Bought a scroll of blinking for 105 gold pieces
  1906 | D        | Bought a scroll of fog for 56 gold pieces
  1906 | D        | Bought a scroll of magic mapping for 105 gold pieces
  2038 | D        | Noticed a yaktaur captain
  2038 | D        | Noticed a yaktaur captain
  2042 | D        | Killed a yaktaur captain
  2294 | D        | Killed a yaktaur captain
  2295 | D        | Reached skill level 19 in Unarmed Combat
  2456 | D        | Noticed Azrael
  2462 | D        | Killed Azrael
  2697 | D        | Noticed a five-headed hydra
  2697 | D        | Noticed a seven-headed hydra
  2702 | D        | Noticed a death drake
  2707 | D        | Killed a five-headed hydra
  2708 | D        | Reached XP level 12. HP: 111/111 MP: 19/24
  2711 | D        | Killed a seven-headed hydra
  3015 | D        | Found a blossoming altar of Fedhas.
  3136 | D        | Reached skill level 1 in Shields
  3141 | D        | Reached skill level 20 in Unarmed Combat
  3161 | D        | Found Zitur's Antique Weapon Emporium.
  3161 | D        | Found Jeakh's Distillery.
  3161 | D        | Found Vihiurr's Book Shoppe.
  3196 | D        | Bought a book of Sloth for 504 gold pieces
  3203 | D        | Learned a level 6 spell: Statue Form
  3213 | D        | Bought a potion of might for 48 gold pieces
  3213 | D        | Bought a potion of might for 48 gold pieces
  3213 | D        | Bought 2 potions of heal wounds for 120 gold pieces
  3213 | D        | Bought a potion of curing for 36 gold pieces
  3213 | D        | Bought a potion of curing for 36 gold pieces
  3224 | D        | Noticed a seven-headed hydra
  3224 | D        | Noticed the 27-headed Lernaean hydra
  3243 | D        | Killed the 27-headed Lernaean hydra
  3244 | D        | Reached skill level 10 in Spellcasting
  3271 | D        | Killed a nine-headed hydra
  3287 | D        | Bought 3 scrolls of fog for 192 gold pieces
  3287 | D        | Bought a scroll of fog for 64 gold pieces
  3294 | D        | Got a decaying rune of Zot
  3435 | D        | Reached skill level 10 in Dodging
  3435 | D        | Reached skill level 21 in Unarmed Combat
  3455 | D        | Noticed a deep elf annihilator
  3456 | D        | Noticed a deep elf demonologist
  3495 | D        | Noticed a deep elf high priest
  3496 | D        | Noticed a deep elf demonologist
  3498 | D        | Noticed a deep elf high priest
  3499 | D        | Noticed a deep elf master archer
  3758 | D        | Identified the +2 lajatang of the Four Thickets {holy,
                  | rElec rPois Will+ Str-2}
  3930 | D        | Noticed a centaur warrior
  3934 | D        | Killed a centaur warrior
  3935 | D        | Reached skill level 1 in Throwing
  3935 | D        | Reached XP level 13. HP: 104/120 MP: 26/26
  3968 | D        | Noticed a fire dragon
  3971 | D        | Killed a fire dragon
  4145 | D        | Reached skill level 22 in Unarmed Combat
  4318 | D        | Bought a tattered robe for 216 gold pieces
  4318 | D        | Identified the +1 robe of Tiofoaxo {rCorr} (You bought it
                  | in a shop in the Dungeon)
  4319 | D        | Bought an embroidered robe for 140 gold pieces
  4377 | D        | Noticed a dire elephant
  4377 | D        | Noticed a dire elephant
  4378 | D        | Noticed Gastronok
  4383 | D        | Killed a dire elephant
  4389 | D        | Killed a dire elephant
  4400 | D        | Killed Gastronok
  4551 | D        | Noticed an azure jelly
  4551 | D        | Noticed an azure jelly
  4551 | D        | Noticed an azure jelly
  4552 | D        | Noticed an azure jelly
  4554 | D        | Noticed Rupert
  4596 | D        | Killed Rupert
  4815 | D        | Killed an azure jelly
  4818 | D        | Killed an azure jelly
  4819 | D        | Reached skill level 23 in Unarmed Combat
  4820 | D        | Killed an azure jelly
  4827 | D        | Killed an azure jelly
  5210 | D        | Reached XP level 14. HP: 133/133 MP: 20/28
  5211 | D        | Reached skill level 24 in Unarmed Combat
  5324 | D        | Noticed a nagaraja
  5326 | D        | Found Ureusm's Jewellery Boutique.
  5326 | D        | Found Qyathash's Antique Armour Emporium.
  5328 | D        | Found Nialamos's Distillery.
  5339 | D        | Killed a nagaraja
  5394 | D        | Bought a runed cloak for 202 gold pieces
  5408 | D        | Bought a potion of heal wounds for 70 gold pieces
  5415 | D        | Bought a warped troll leather armour for 540 gold pieces
  5415 | D        | Identified the +3 troll leather armour "Zetter" {Harm Will+
                  | Regen+ Int-4} (You bought it in a shop in the Dungeon)
  5447 | D        | Got a serpentine rune of Zot
  5620 | D        | Gained mutation: You have hidden genetic defects.
                  | [mutagenic glow]
  6110 | D        | Noticed Chuck
  6117 | D        | Killed Chuck
  6118 | D        | Reached skill level 5 in Stealth
  6118 | D        | Reached skill level 1 in Earth Magic
  6128 | D        | Reached skill level 25 in Unarmed Combat
  6210 | D        | Noticed an ancient lich
  6228 | D        | Got the Anthology of Air
  6465 | D        | Noticed a sphinx
  6465 | D        | Noticed a sphinx
  6474 | D        | Killed a sphinx
  6476 | D        | Killed a sphinx
  6479 | D        | Gained mutation: You have terrible hidden genetic defects.
                  | [hidden defects]
  6480 | D        | Lost mutation: You have terrible hidden genetic defects.
                  | [potion of mutation]
  6480 | D        | Lost mutation: You have hidden genetic defects. [potion of
                  | mutation]
  6480 | D        | Gained mutation: You have a somewhat thin skeletal
                  | structure. (Dex +2, Stealth+) [potion of mutation]
  6480 | D        | Gained mutation: You have hidden genetic potential. [potion
                  | of mutation]
  6864 | D        | Noticed Sojobo
  6876 | D        | Killed Sojobo
  6896 | D        | Noticed a lich
  6903 | D        | Killed a lich
  7353 | D        | Noticed a Brimstone Fiend
  7356 | D        | Reached skill level 26 in Unarmed Combat
  7357 | D        | Killed a deep elf master archer
  7358 | D        | Reached skill level 15 in Transmutations
  7359 | D        | Noticed a Tzitzimitl
  7435 | D        | Identified the +6 trident "Keixeu" {speed, Will++ Int+2
                  | Dex+2 Stlth-}
  7463 | D        | Identified the ring of the Traitor {Fly rN++ Will+ MP+9}
  7463 | D        | Identified the ring of Qozoreh {rElec rPois rF++ rCorr
                  | Str-2}
  7468 | D        | Got the Discourse on Cloudy Ill Luck
  7468 | D        | Got the Notes on the Smouldering Deep Freeze
  7863 | D        | Noticed a shadow dragon
  7863 | D        | Noticed a shadow dragon
  7870 | D        | Killed a shadow dragon
  7871 | D        | Reached skill level 5 in Earth Magic
  7871 | D        | Reached XP level 15. HP: 143/143 MP: 31/31
  7873 | D        | Killed a shadow dragon
  7908 | D        | Noticed a titan
  7908 | D        | Noticed a frost giant
  7908 | D        | Noticed a fire giant
  7908 | D        | Noticed a frost giant
  7908 | D        | Noticed a golden dragon
  7909 | D        | Noticed a shadow dragon
  7916 | D        | Killed a fire giant
  7917 | D        | Reached skill level 5 in Evocations
  7917 | D        | Killed a titan
  7921 | D        | Gained mutation: You are partially covered in iridescent
                  | scales. (AC +2) [hidden potential]
  7922 | D        | Reached skill level 27 in Unarmed Combat
  7922 | D        | Killed a frost giant
  8131 | D        | Killed a shadow dragon
  8141 | D        | Killed a golden dragon
  8157 | D        | Killed a frost giant
  8409 | D        | Identified the amulet of Stoicism {RegenMP Will- Dex+5}
  8429 | D        | Got a silver rune of Zot
  8595 | D        | Noticed Nellie
  8605 | D        | Killed Nellie
  8606 | D        | Reached skill level 5 in Shields
  8612 | D        | Got a demonic rune of Zot
  8727 | D        | Paralysed by an air elemental for 1 turns
  8781 | D        | Found Nathonu's Distillery.
  8781 | D        | Found Riasotto's Armour Shop.
  8781 | D        | Found Nakhe Bael's Armour Shop.
  8781 | D        | Found Xysoopo's Distillery.
  8795 | D        | Bought a potion of heal wounds for 60 gold pieces
  8795 | D        | Bought a potion of might for 48 gold pieces
  8797 | D        | Bought a potion of heal wounds for 50 gold pieces
  8797 | D        | Bought a potion of haste for 100 gold pieces
  8808 | D        | Identified Roxanne's Directory of Shapeshifting
  8808 | D        | Noticed Roxanne
  8815 | D        | Killed Roxanne
  8903 | D        | Found Ajuhan's Armour Boutique.
  8955 | D        | Noticed Nikola
  8955 | D        | Noticed a storm dragon
  8964 | D        | Killed Nikola
  8965 | D        | Reached skill level 15 in Spellcasting
  8967 | D        | Killed a storm dragon
  9073 | D        | Reached XP level 16. HP: 154/154 MP: 34/34
  9352 | D        | Noticed Mara
  9358 | D        | Killed Mara
  9379 | D        | Noticed an ancient champion
  9381 | D        | Killed an ancient champion
  9382 | D        | Reached skill level 15 in Dodging
  9383 | D        | Got the Encyclopedia of Imprecation
  9420 | D        | Noticed Boris
  9431 | D        | Killed Boris
  9554 | D        | Noticed Geryon
  9570 | D        | Reached skill level 10 in Earth Magic
  9573 | D        | Gained mutation: Your flesh is cold resistant. (rC+)
                  | [hidden potential]
  9573 | D        | Lost mutation: You have hidden genetic potential. [hidden
                  | potential expressed]
  9580 | D        | Killed Geryon
  9707 | D        | Noticed an Executioner
  9711 | D        | Killed an Executioner
  9755 | D        | Noticed Nessos
  9767 | D        | Killed Nessos
  9792 | D        | Gained mutation: Your body sometimes deteriorates upon
                  | taking damage. [a shining eye]
  9815 | D        | Noticed a deep elf blademaster
  9821 | D        | Killed a deep elf blademaster
  9868 | D        | Noticed a Killer Klown
  9879 | D        | Killed a Killer Klown
  9889 | D        | Noticed an Orb Guardian
  9890 | D        | Noticed an Orb Guardian
  9897 | D        | Killed an Orb Guardian
  9899 | D        | HP: 8/204 [Orb Guardian (5)]
  9900 | D        | HP: 2/204 [Orb Guardian (30)]
  9900 | D        | Slain by an Orb Guardian

Illustrated notes

Levels and vault maps discovered:
D:        dungeon_sprint_mu [sprint_mu_entry_cave, sprint_mu_temple_rooms,
          sprint_mu_d1_horrors, sprint_mu_d2_genie, sprint_mu_d3_branching,
          sprint_mu_orc_legion, sprint_mu_elf_gauntlet, sprint_mu_hive_nellie,
          sprint_mu_lair_fedhas, sprint_mu_vaults_butterflies,
          sprint_mu_slime_circle, sprint_mu_swamp_cave, sprint_mu_snake_twists,
          sprint_mu_blade_basic, sprint_mu_crypt_lich, sprint_mu_tomb_spiral,
          sprint_mu_vestibule_basic, sprint_mu_gehenna_hellfire,
          sprint_mu_dis_giant, sprint_mu_tartarus_statrot,
          sprint_mu_cocytus_islands, sprint_mu_zot1]

Skill      XL: |  1  2  3  4  5  6  7  8  9 10 11 12 13 14 15 16 |
---------------+-------------------------------------------------+-----
Fighting       | 1 2 3 4 5 6 7 8 9 |  9.7
Dodging        | 2 3 4 5 7 8 10 11 12 14 16 | 16.3
Unarmed Combat | 5 6 9 11 13 15 17 19 21 23 26 27 | 27.0
Spellcasting   | 2 3 4 5 6 7 9 10 11 13 15 16 | 16.7
Transmutations | 2 3 4 6 7 8 9 10 11 13 15 17 18 | 18.8
Stealth        | 1 2 3 4 5 6 8 |  8.3
Poison Magic   | 1 2 |  2.0
Ice Magic      | 1 3 4 |  4.7
Evocations     | 1 2 3 7 8 |  8.2
Shields        | 1 3 4 6 8 |  8.8
Throwing       | 1 2 |  2.7
Earth Magic    | 5 8 10 | 10.9

Action                   |  1- 3 |  4- 6 |  7- 9 | 10-12 | 13-15 | 16-18 || total
-------------------------+-------+-------+-------+-------+-------+-------++-------
Melee: Unarmed           |    21 |    32 |    49 |   219 |   373 |   120 ||   814
       Headbutt          |       |     1 |     4 |       |       |       ||     5
       Kick              |       |     6 |     5 |       |       |       ||    11
       Punch             |       |     1 |       |    10 |    58 |    29 ||    98
Throw: Dart              |       |       |       |     7 |       |       ||     7
 Cast: Wereblood         |     1 |     3 |     4 |    14 |    26 |     7 ||    55
       Spider Form       |     1 |       |     1 |       |       |       ||     2
       Beastly Appendage |       |     3 |     1 |       |       |       ||     4
       Ice Form          |       |       |     3 |    12 |     2 |       ||    17
       Blade Hands       |       |       |       |     7 |    13 |       ||    20
       Statue Form       |       |       |       |       |    19 |     8 ||    27
Invok: Call Merchant     |       |       |       |     2 |     1 |       ||     3
Evoke: Tin of tremorston |       |       |     2 |     9 |    11 |       ||    22
       Phantom mirror    |       |       |       |     1 |     3 |       ||     4
       Wand              |       |       |       |       |     6 |       ||     6
       Condenser vane    |       |       |       |       |     2 |     3 ||     5
  Use: Potion            |     1 |       |       |     6 |    10 |     3 ||    20
       Scroll            |       |       |       |     1 |     4 |     3 ||     8
 Stab: Distracted        |       |       |       |     3 |     3 |     2 ||     8
       Sleeping          |       |       |       |     1 |     2 |     2 ||     5
       Invisible         |       |       |       |     1 |       |       ||     1
Armor: Robe              |     1 |       |     6 |    17 |    19 |     4 ||    47
       Skin              |       |       |    24 |    19 |    97 |    28 ||   168
Dodge: Dodged            |     9 |    11 |    29 |    74 |   150 |    56 ||   329
Block: Other             |       |       |       |     8 |    46 |    19 ||    73
       Reflection        |       |       |       |     1 |     2 |     2 ||     5

Table legend: (Time is in decaauts) A = Elapsed time spent in this place. B = Non-inter-level travel time spent in this place. C = Inter-level travel time spent in this place. D = Time resting spent in this place. E = Time spent auto-exploring this place. F = Levels seen in this place. G = Mean time per level. A B C D E F G +--------+--------+--------+--------+--------+-----+--------+ Total | 10016 | 9951 | 65 | 4353 | 37 | 1 | 10016.0 | Dungeon | 10016 | 9951 | 65 | 4353 | 37 | 1 | 10016.0 | +--------+--------+--------+--------+--------+-----+--------+

Top non-repeatable levels by time:
       D: 10016 daAuts
